 Dungeon Crawl Stone Soup version 0.18.1-48-g4cf74bf (webtiles) character file.

11 Gargoyl the Skirmisher (level 2, 14/24 HPs)
             Began as a Demonspawn Abyssal Knight on Aug 9, 2016.
             Was a Follower of Lugonu.
             Quit the game on level 1 of the Dungeon.
             The game lasted 00:01:03 (359 turns).

Gargoyl the Skirmisher (Demonspawn Abyssal Knight)   Turns: 359, Time: 00:01:04

Health: 14/24      AC: 10    Str: 12    XL:     2   Next: 13%
Magic:  3/3        EV:  3    Int: 18    God:    Lugonu [*.....]
Gold:   40         SH:  0    Dex: 12    Spells: 0 memorised, 1 level left

rFire  . . .     SeeInvis .     a - +1 hand axe
rCold  . . .     Gourm    .     f - +0 plate armour
rNeg   . . .     Faith    .     (no shield)
rPois  .         Spirit   +     (no helmet)
rElec  .         Dismiss  .     (no cloak)
rCorr  .         Reflect  .     (no gloves)
SustAt .         Harm     .     (no boots)
MR     .....                    (no amulet)
Stlth  ..........               (no ring)
                                d - +5 ring of intelligence

@: not resistant to hostile enchantments, extremely unstealthy
A: magic shield
a: Depart the Abyss, Renounce Religion


You were on level 1 of the Dungeon.
You worshipped Lugonu.
Lugonu was aware of your devotion.
You were not hungry.

You visited 1 branch of the dungeon, and saw 1 of its levels.
You visited the Abyss 1 time.

You collected 40 gold pieces.

Inventory:

Hand Weapons
 a - a +1 hand axe (weapon)
Armour
 b - a +0 leather armour
 f - a +0 plate armour (worn)
Jewellery
 d - a +5 ring of intelligence (left hand)
Scrolls
 h - a scroll of identify {unknown}
 j - a scroll of enchant armour {unknown}
 k - a scroll of teleportation {unknown}
Potions
 e - a potion of curing {unknown}
 i - 2 potions of flight {unknown}
 m - a potion of haste {unknown}
Comestibles
 c - a bread ration
 g - a slice of pizza
 l - a meat ration
 n - a beef jerky


   Skills:
 + Level 3.4 Fighting
 + Level 2.0 Axes
 * Level 1.9 Armour
 + Level 0.8 Dodging
 + Level 2.4 Invocations


You had one spell level left.
You didn't know any spells.

Dungeon Overview and Level Annotations

Branches:
Dungeon (1/15)

Altars:


Innate Abilities, Weirdness & Mutations

When hurt, damage is shared between your health and your magic reserves.


Message History

You kill the giant gecko!
Lugonu accepts your kill.
You can now depart the Abyss.
You have reached level 2!
Your demonic ancestry asserts itself...
You feel your magical essence form a protective shroud around your flesh.
Your plate armour prevents you from hitting the giant cockroach.
The giant cockroach bites you but does no damage.
Unknown command.
You completely miss the giant cockroach.
The giant cockroach bites you but does no damage. x2
Your plate armour prevents you from hitting the giant cockroach.
The giant cockroach bites you.
You completely miss the giant cockroach.
The giant cockroach bites you but does no damage. x2
You hit the giant cockroach.
You kill the giant cockroach!
Lugonu accepts your kill.
A hobgoblin comes into view. It is wielding a club.
The hobgoblin shouts!
Are you sure you want to abandon this character and quit the game? (Confirm with "yes".)

...........#...##.#.##..####
.##........###....#.##......
. ####.###.## #..#....[....
#.# #..# #............ #.
##$# #...###.#....
.##.####.###.... #......
.............#.. ...#####
%#.###......... ....
#...@............
.......$.###..# ..#$#.##.##
.. # #. #.# # ?? #.# .# ...
#. ..g ...


You could see a hobgoblin.

Vanquished Creatures
  2 giant geckos (D:1)
  2 bats (D:1)
  2 giant cockroaches (D:1)
  A giant newt (D:1)
  A rat (D:1)
8 creatures vanquished.

Notes
Turn   | Place    | Note
--------------------------------------------------------------
     0 | Abyss:1  | Gargoyl the Demonspawn Abyssal Knight began the quest for the Orb.
     0 | Abyss:1  | Reached XP level 1. HP: 18/18 MP: 2/2
    11 | Abyss:1  | Found a shimmering altar of Xom.
   125 | Abyss:1  | Noticed a neqoxec
   125 | D:1      | Escaped the Abyss
   352 | D:1      | Reached * piety under Lugonu
   352 | D:1      | Gained mutation: When hurt, damage is shared between your health and your magic reserves. [demonic ancestry]
   352 | D:1      | Reached XP level 2. HP: 15/24 MP: 3/3
   359 | D:1      | Quit the game

Skill      XL: |  1 |
---------------+----+-----
Axes           | 2 |  2.0
Fighting       | |  3.4
Armour         | |  1.9
Dodging        | |  0.8
Invocations    | |  2.4

Action                   || total
-------------------------++-------
Melee: Hand axe          ||    34
Invok: Depart the Abyss  ||     1
Armor: Plate armour      ||    50
Dodge: Dodged            ||     7
